Flames vs Stars
Created - February 18, 2021 at 21:48
Goals
|
| Flames |
0 |
2 |
0 |
0 |
1 |
2 |
| Stars |
0 |
1 |
1 |
0 |
2 |
3 |
|
Shots
|
| Flames |
9 |
15 |
7 |
0 |
4 |
31 |
| Stars |
10 |
8 |
13 |
1 |
4 |
32 |
|
1st period
No Goal
Penalties :
Alexander Radulov (Cal) for Hooking (Minor) at 3:40, Jussi Jokinen (Dal) for Hooking (Minor) at 4:31, Erik Johnson (Cal) for High sticking (Minor) at 14:25
2nd period
1. Flames , Alexander Radulov 15 (Alexander Semin 32, Derek Meech 11) at 0:19
2. Stars , Cory Emmerton 10 (John Tavares 66, B.J. Crombeen 12) at 6:16
3. Flames , Jimmy Hayes 11 (Colin Wilson 6, Christian Folin 6) at 17:52
Penalties :
John Tavares (Dal) for Checking from behind (Minor) at 3:39, Shane O'Brien (Dal) for Hooking (Minor) at 10:13, Brad Marchand (Cal) for High sticking (Minor) at 13:28, Brad Marchand (Cal) for Slashing (Minor) at 18:54
3rd period
4. Stars , Cory Emmerton 11 (Ian White 16, Brian Lee 33) at 13:51
Penalties :
Christian Folin (Cal) for Roughing (Minor) at 1:22, Brian Lee (Dal) for Roughing (Minor) at 5:05, Alexander Semin (Cal) for Holding (Minor) at 11:38, Ted Purcell (Dal) for Holding (Minor) at 19:14
Overtime #1
No Goal
Penalties :
No Penalty
Shootout
Flames, Eric Staal - Shot Misses the Net
Stars, John Tavares - Stopped by Henrik Lundqvist
Flames, Alexander Semin - Goal!
Stars, Ted Purcell - Goal!
Flames, David Backes - Shot Hit the Post
Stars, Jussi Jokinen - Stopped by Henrik Lundqvist
Flames, Brad Marchand - Shot Misses the Net
Stars, Cam Atkinson - Goal!
Penalties :
No Penalty
Goalie Stats
Henrik Lundqvist (Cal), 30 saves from 32 shots - (0.938), OTL, 22-11-5, 65:00 minutes
Cory Schneider (Dal), 29 saves from 31 shots - (0.935), W, 20-13-0, 65:00 minutes
Players Stats for Flames
Player Name G A P +/- PIM S H SB GA TA FO MP PP MP PK MP
------------------------------------------------------------------------------------
Alexander Radulov 1 0 1 1 2 2 1 0 0 0 0/0 15:41 3:58 0:00
Alexander Semin 0 1 1 0 2 3 2 1 2 1 0/0 22:54 4:04 4:21
Anders Lee 0 0 0 -1 0 0 0 0 0 0 1/4 8:47 0:00 0:11
Brad Marchand 0 0 0 -1 4 3 2 1 1 0 0/0 20:46 3:21 1:12
Brendan Mikkelson 0 0 0 0 0 0 0 0 0 0 0/0 12:11 0:00 0:54
Christian Folin 0 1 1 0 2 0 0 0 0 0 0/0 11:21 0:00 0:11
Colby Robak 0 0 0 1 0 1 4 1 0 1 0/0 23:46 2:32 4:18
Colin Wilson 0 1 1 0 0 2 3 1 1 0 4/9 14:04 0:15 5:12
David Backes 0 0 0 0 0 1 2 0 2 0 1/1 18:27 0:00 4:53
David Ullstrom 0 0 0 -1 0 0 0 0 0 0 0/1 9:13 0:29 0:00
Derek Meech 0 1 1 1 0 2 1 1 2 1 0/0 23:52 2:32 4:18
Eric Staal 0 0 0 0 0 4 3 0 3 0 11/28 20:02 3:52 0:00
Erik Johnson 0 0 0 -1 2 0 3 3 0 0 0/0 29:10 5:01 5:34
Jimmy Hayes 1 0 1 1 0 3 2 0 0 0 0/0 10:56 3:20 0:00
Kyle Palmieri 0 0 0 -1 0 1 1 0 0 0 0/0 7:15 0:00 0:00
Patrik Berglund 0 0 0 1 0 7 2 1 0 0 13/24 20:36 3:20 5:23
Sami Vatanen 0 0 0 -1 0 1 1 0 1 1 0/0 29:46 5:01 6:17
Steve Regier 0 0 0 1 0 1 0 0 0 1 0/1 9:13 0:00 0:20
Players Stats for Stars
Player Name G A P +/- PIM S H SB GA TA FO MP PP MP PK MP
------------------------------------------------------------------------------------
Alex Chiasson 0 0 0 -1 0 3 0 0 0 2 0/0 16:38 4:35 0:00
Alexander Frolov 0 0 0 1 0 3 3 0 1 0 0/1 21:49 5:02 2:52
Antoine Vermette 0 0 0 -1 0 0 1 1 0 0 11/19 19:39 4:36 1:53
B.J. Crombeen 0 1 1 1 0 1 3 0 0 0 0/0 10:22 2:12 0:00
Boris Valabik 0 0 0 1 0 1 1 1 1 2 0/0 24:16 4:22 3:56
Brian Lee 0 1 1 0 2 0 0 0 0 3 0/0 30:02 6:24 4:14
Cam Atkinson 0 0 0 -1 0 1 0 0 0 0 0/1 7:38 0:00 0:00
Cory Emmerton 2 0 2 2 0 4 3 0 0 0 2/3 16:18 4:07 0:04
Evgeny Grachev 0 0 0 -1 0 1 0 0 0 1 6/8 14:16 0:13 3:33
Guillaume Latendresse 0 0 0 0 0 1 0 0 0 0 1/1 12:52 0:49 2:17
Ian White 0 1 1 0 0 0 2 0 0 1 0/0 30:29 6:24 5:08
John Tavares 0 1 1 2 2 10 2 1 1 0 18/34 25:41 5:10 3:53
Jussi Jokinen 0 0 0 -1 2 3 2 1 1 0 0/1 18:56 4:38 1:25
Michael Grabner 0 0 0 0 0 2 0 0 0 2 0/0 8:19 0:49 0:23
Paul Ladue 0 0 0 -1 0 0 0 0 0 0 0/0 12:25 0:00 1:53
Shane O'Brien 0 0 0 1 2 2 0 0 1 1 0/0 22:37 4:22 2:13
Ted Purcell 0 0 0 -1 2 0 0 0 0 0 0/0 7:16 0:06 0:00
Tyson Barrie 0 0 0 -1 0 0 0 0 0 0 0/0 10:27 0:00 0:10
3 Stars
1 - Cory Emmerton (Dal)
2 - Jimmy Hayes (Cal)
3 - B.J. Crombeen (Dal)
Power Play
Flames - 0 on 5 Attempt(s) - 0.00%
Stars - 0 on 6 Attempt(s) - 0.00%
Penalty Kill
Flames - 6 on 6 Attempt(s) - 100.00%
- Score 0 goal in Penalty Kill
Stars - 5 on 5 Attempt(s) - 100.00%
- Score 0 goal in Penalty Kill
Team Stat
Flames - Hits : 27 - Faceoff Wins : 30 - Blocked Shots : 9 - Penalty Minutes : 12
Stars - Hits : 17 - Faceoff Wins : 38 - Blocked Shots : 4 - Penalty Minutes : 10
Official
Referees : Unknown
Linesman : Unknown
Game Notes
Michael Grabner is injured at 2:14 of 2nd period (Bruised Right Foot)
Guillaume Latendresse is injured at 13:14 of 2nd period (Left Leg)
Finance
Level 1 -- Attendance: 4969 (82.82%) -- Ticket Income $571,435
Level 2 -- Attendance: 3802 (76.04%) -- Ticket Income $266,140
Level 3 -- Attendance: 1739 (86.95%) -- Ticket Income $78,255
Level 4 -- Attendance: 2672 (66.80%) -- Ticket Income $93,520
Luxury Box -- Attendance: 826 (82.60%) -- Ticket Income $177,590
Game was played at the American Airlines Center.
Total Attendance: 14008 (77.82%)
Total Ticket Income: $1,186,940
Other Income: $178,041
Total Income: $1,364,981
Flames
5 vs 5 Forward
Center Left Wing Right Wing Time % Phy DF OF
1 Eric Staal Brad Marchand David Backes 40 1 2 2
2 Patrik Berglund Alexander Semin Alexander Radulov 33 1 2 2
3 Colin Wilson Steve Regier Jimmy Hayes 19 1 2 2
4 Anders Lee David Ullstrom Kyle Palmieri 8 1 2 2
5 vs 5 Defense
Defense Defense Time % Phy DF OF
1 Erik Johnson Sami Vatanen 38 1 2 2
2 Derek Meech Colby Robak 29 2 2 1
3 Christian Folin Brendan Mikkelson 23 2 2 1
4 Derek Meech Colby Robak 10 2 2 1
PowerPlay Forward
Center Left Wing Right Wing Time % Phy DF OF
1 Eric Staal Alexander Semin Alexander Radulov 60 1 2 2
2 Patrik Berglund Brad Marchand Jimmy Hayes 40 1 2 2
PowerPlay Defense
Defense Defense Time % Phy DF OF
1 Erik Johnson Sami Vatanen 60 1 2 2
2 Derek Meech Colby Robak 40 1 2 2
Penalty Kill 4 Players Forward
Center Wing Time % Phy DF OF
1 Patrik Berglund David Backes 50 1 3 1
2 Colin Wilson Alexander Semin 50 1 3 1
Penalty Kill 4 Players Defense
Defense Defense Time % Phy DF OF
1 Erik Johnson Sami Vatanen 58 1 3 1
2 Derek Meech Colby Robak 42 1 3 1
Penalty Kill - 3 Players Forward
Forward Time % Phy DF OF
1 Eric Staal 50 1 4 0
2 Brad Marchand 50 1 4 0
Penalty Kill - 3 Players Defense
Defense Defense Time % Phy DF OF
1 Erik Johnson Sami Vatanen 58 1 4 0
2 Derek Meech Colby Robak 42 1 4 0
4 vs 4 Forward
Center Wing Time % Phy DF OF
1 Eric Staal Alexander Semin 60 2 2 1
2 Colin Wilson Brad Marchand 40 2 2 1
4 vs 4 Defense
Defense Defense Time % Phy DF OF
1 Erik Johnson Sami Vatanen 60 2 2 1
2 Derek Meech Colby Robak 40 2 2 1
Last Minutes Offensive
Center Left Wing Right Wing Defense Defense
Eric Staal Alexander Semin David Backes Erik Johnson Sami Vatanen
Last Minutes Defensive
Center Left Wing Right Wing Defense Defense
Eric Staal Alexander Semin David Backes Erik Johnson Sami Vatanen
Goaltenders
Starting : Henrik Lundqvist
Backup : Christopher Gibson
Extra Forwards
Normal : Brad Marchand, Alexander Semin, David Ullstrom - PP : David Ullstrom, Colin Wilson - PK : Brad Marchand
Extra Defensemen
Normal : Sami Vatanen, Derek Meech, Colby Robak - PP : Derek Meech - PK : Brendan Mikkelson, Christian Folin
Penalty Shots
Eric Staal, Alexander Semin, David Backes, Brad Marchand, Patrik Berglund
Scratches
None
Stars
5 vs 5 Forward
Center Left Wing Right Wing Time % Phy DF OF
1 John Tavares Guillaume Latendresse Michael Grabner 40 0 2 3
2 Antoine Vermette Jussi Jokinen Alex Chiasson 30 0 2 3
3 Cory Emmerton Alexander Frolov B.J. Crombeen 20 1 2 2
4 Evgeny Grachev Ted Purcell Cam Atkinson 10 1 2 2
5 vs 5 Defense
Defense Defense Time % Phy DF OF
1 Ian White Brian Lee 40 1 2 2
2 Shane O'Brien Boris Valabik 30 1 2 2
3 Tyson Barrie Paul Ladue 20 1 2 2
4 Ian White Brian Lee 10 1 2 2
PowerPlay Forward
Center Left Wing Right Wing Time % Phy DF OF
1 John Tavares Guillaume Latendresse Michael Grabner 60 0 1 4
2 Antoine Vermette Jussi Jokinen Alex Chiasson 40 0 1 4
PowerPlay Defense
Defense Defense Time % Phy DF OF
1 Ian White Brian Lee 60 0 2 3
2 Shane O'Brien Boris Valabik 40 0 2 3
Penalty Kill 4 Players Forward
Center Wing Time % Phy DF OF
1 John Tavares Guillaume Latendresse 60 0 3 2
2 Jussi Jokinen Michael Grabner 40 0 3 2
Penalty Kill 4 Players Defense
Defense Defense Time % Phy DF OF
1 Ian White Brian Lee 60 0 3 2
2 Shane O'Brien Boris Valabik 40 0 3 2
Penalty Kill - 3 Players Forward
Forward Time % Phy DF OF
1 John Tavares 60 0 3 2
2 Guillaume Latendresse 40 0 3 2
Penalty Kill - 3 Players Defense
Defense Defense Time % Phy DF OF
1 Ian White Brian Lee 60 0 3 2
2 Shane O'Brien Boris Valabik 40 0 3 2
4 vs 4 Forward
Center Wing Time % Phy DF OF
1 John Tavares Guillaume Latendresse 60 0 2 3
2 Jussi Jokinen Michael Grabner 40 0 2 3
4 vs 4 Defense
Defense Defense Time % Phy DF OF
1 Ian White Brian Lee 60 1 2 2
2 Shane O'Brien Boris Valabik 40 1 2 2
Last Minutes Offensive
Center Left Wing Right Wing Defense Defense
John Tavares Guillaume Latendresse Michael Grabner Ian White Brian Lee
Last Minutes Defensive
Center Left Wing Right Wing Defense Defense
John Tavares Guillaume Latendresse Michael Grabner Ian White Brian Lee
Goaltenders
Starting : Cory Schneider
Backup : Matt Murray
Extra Forwards
Normal : Alexander Frolov, Cory Emmerton, Evgeny Grachev - PP : Alexander Frolov, Cory Emmerton - PK : Evgeny Grachev
Extra Defensemen
Normal : Tyson Barrie, Paul Ladue, Shane O'Brien - PP : Tyson Barrie - PK : Paul Ladue, Shane O'Brien
Penalty Shots
John Tavares, Guillaume Latendresse, Jussi Jokinen, Michael Grabner, Antoine Vermette
Scratches
Andrej Sustr (Healthy), Damien Brunner (Healthy)
% Time on Ice - Flames
Lines # - Real PCT - Wanted PCT - Time Play
Normal Forward
1 - 34% - 40% - 13:36
2 - 29% - 33% - 11:57
3 - 19% - 19% - 7:45
4 - 18% - 8% - 7:15
Normal Defense
1 - 38% - 38% - 15:36
2 - 32% - 29% - 12:47
3 - 26% - 23% - 10:36
4 - 4% - 10% - 1:34
PP Forward
1 - 56% - 60% - 4:13
2 - 44% - 40% - 3:20
PP Defense
1 - 66% - 60% - 5:01
2 - 34% - 40% - 2:32
PK Forward
1 - 51% - 50% - 5:28
2 - 49% - 50% - 5:18
PK Defense
1 - 60% - 58% - 6:28
2 - 40% - 42% - 4:18
PK3 Forward
1 - 0% - 50%
2 - 0% - 50%
PK3 Defense
1 - 0% - 58%
2 - 0% - 42%
44 Forward
1 - 90% - 60% - 5:32
2 - 10% - 40% - 0:36
44 Defense
1 - 56% - 60% - 3:27
2 - 44% - 40% - 2:41
Last Minute Offensive - 0:00
Last Minute Defensive - 0:00
Total
Forward - 65:00
Defense - 65:00
|
% Time on Ice - Stars
Lines # - Real PCT - Wanted PCT - Time Play
Normal Forward
1 - 46% - 40% - 18:42
2 - 26% - 30% - 10:22
3 - 12% - 20% - 4:47
4 - 17% - 10% - 6:42
Normal Defense
1 - 41% - 40% - 16:28
2 - 34% - 30% - 13:44
3 - 24% - 20% - 9:45
4 - 1% - 10% - 0:36
PP Forward
1 - 63% - 60% - 6:47
2 - 37% - 40% - 3:59
PP Defense
1 - 59% - 60% - 6:24
2 - 41% - 40% - 4:22
PK Forward
1 - 83% - 60% - 6:17
2 - 17% - 40% - 1:16
PK Defense
1 - 58% - 60% - 4:25
2 - 42% - 40% - 3:08
PK3 Forward
1 - 70% - 60% - 0:52
2 - 30% - 40% - 0:22
PK3 Defense
1 - 73% - 60% - 0:54
2 - 27% - 40% - 0:20
44 Forward
1 - 91% - 60% - 4:29
2 - 9% - 40% - 0:25
44 Defense
1 - 54% - 60% - 2:40
2 - 46% - 40% - 2:14
Last Minute Offensive - 0:00
Last Minute Defensive - 0:00
Total
Forward - 65:00
Defense - 65:00
|
Play-by-Play
1st period
0:01 of 1st period - Eric Staal wins face-off versus John Tavares in neutral zone.
0:51 of 1st period - Evgeny Grachev is hit by Jimmy Hayes and loses puck.
1:31 of 1st period - Anders Lee is hit by B.J. Crombeen.
1:59 of 1st period - Wrist shot by B.J. Crombeen.
1:59 of 1st period - Stopped by Henrik Lundqvist without a rebound.
2:00 of 1st period - Eric Staal wins face-off versus John Tavares in Flames zone.
2:07 of 1st period - Wrist shot by Eric Staal.
2:07 of 1st period - Shot Misses the Net.
2:09 of 1st period - Slapshot by David Backes.
2:09 of 1st period - Stopped by Cory Schneider without a rebound.
2:10 of 1st period - John Tavares wins face-off versus Eric Staal in Stars zone.
2:46 of 1st period - Wrist shot by Eric Staal.
2:46 of 1st period - Stopped by Cory Schneider without a rebound.
2:47 of 1st period - Patrik Berglund wins face-off versus Antoine Vermette in Stars zone.
2:52 of 1st period - Wrist shot by Patrik Berglund.
2:52 of 1st period - Stopped by Cory Schneider with a rebound.
2:54 of 1st period - Slapshot by Colby Robak.
2:54 of 1st period - Shot Misses the Net.
2:56 of 1st period - Wrist shot by Alexander Semin.
2:56 of 1st period - Stopped by Cory Schneider without a rebound.
2:57 of 1st period - Patrik Berglund wins face-off versus Antoine Vermette in Stars zone.
3:11 of 1st period - Snap shot by Alexander Radulov.
3:11 of 1st period - Shot Blocked by Antoine Vermette.
3:13 of 1st period - Snap shot by Alexander Radulov.
3:13 of 1st period - Stopped by Cory Schneider without a rebound.
3:14 of 1st period - John Tavares wins face-off versus Colin Wilson in Stars zone.
3:31 of 1st period - Wrist shot by John Tavares.
3:31 of 1st period - Stopped by Henrik Lundqvist without a rebound.
3:32 of 1st period - Antoine Vermette wins face-off versus Patrik Berglund in Flames zone.
3:40 of 1st period - Minor Penalty to Alexander Radulov for Hooking.
3:41 of 1st period - John Tavares wins face-off versus Patrik Berglund in Flames zone.
4:31 of 1st period - Minor Penalty to Jussi Jokinen for Hooking.
4:32 of 1st period - Guillaume Latendresse wins face-off versus Eric Staal in Stars zone.
4:41 of 1st period - Wrist shot by Guillaume Latendresse.
4:41 of 1st period - Shot Blocked by Erik Johnson.
4:59 of 1st period - Erik Johnson is hit by Alexander Frolov and loses puck.
5:06 of 1st period - Snap shot by Michael Grabner.
5:06 of 1st period - Stopped by Henrik Lundqvist with a rebound.
5:28 of 1st period - John Tavares is hit by Colby Robak and loses puck.
5:39 of 1st period - Snap shot by Michael Grabner.
5:39 of 1st period - Stopped by Henrik Lundqvist with a rebound.
5:40 of 1st period - Penalty to Alexander Radulov is over, Alexander Radulov is back on ice.
6:11 of 1st period - Evgeny Grachev is hit by Brad Marchand and loses puck.
6:31 of 1st period - Penalty to Jussi Jokinen is over, Jussi Jokinen is back on ice.
7:21 of 1st period - Alex Chiasson is hit by Eric Staal and loses puck.
7:32 of 1st period - Snap shot by Evgeny Grachev.
7:32 of 1st period - Shot Misses the Net.
8:06 of 1st period - Off-side.
8:07 of 1st period - Anders Lee wins face-off versus Antoine Vermette in neutral zone.
9:15 of 1st period - Icing by Shane O'Brien.
9:16 of 1st period - Patrik Berglund wins face-off versus Cam Atkinson in Stars zone.
9:22 of 1st period - Icing by Evgeny Grachev.
9:23 of 1st period - Evgeny Grachev wins face-off versus Eric Staal in Stars zone.
9:23 of 1st period - Evgeny Grachev is hit by David Backes.
9:31 of 1st period - Snap shot by David Backes.
9:31 of 1st period - Shot Misses the Net.
9:33 of 1st period - Wrist shot by Brad Marchand.
9:33 of 1st period - Stopped by Cory Schneider with a rebound.
9:35 of 1st period - Snap shot by Brad Marchand.
9:35 of 1st period - Shot Misses the Net.
9:59 of 1st period - Wrist shot by John Tavares.
9:59 of 1st period - Stopped by Henrik Lundqvist without a rebound.
10:00 of 1st period - John Tavares wins face-off versus Eric Staal in Flames zone.
10:03 of 1st period - Wrist shot by John Tavares.
10:03 of 1st period - Stopped by Henrik Lundqvist with a rebound.
10:43 of 1st period - Alexander Semin is hit by Jussi Jokinen.
10:55 of 1st period - Wrist shot by Alexander Frolov.
10:55 of 1st period - Stopped by Henrik Lundqvist with a rebound.
11:03 of 1st period - Backhand shot by Sami Vatanen.
11:03 of 1st period - Deflect By Steve Regier.
11:03 of 1st period - Shot Misses the Net.
11:03 of 1st period - Puck is out of play.
11:04 of 1st period - John Tavares wins face-off versus Eric Staal in Stars zone.
11:17 of 1st period - Snap shot by John Tavares.
11:17 of 1st period - Stopped by Henrik Lundqvist without a rebound.
11:18 of 1st period - Eric Staal wins face-off versus John Tavares in Flames zone.
12:13 of 1st period - Slapshot by Sami Vatanen.
12:13 of 1st period - Stopped by Cory Schneider without a rebound.
12:14 of 1st period - Colin Wilson wins face-off versus Cory Emmerton in Stars zone.
12:47 of 1st period - Snap shot by Guillaume Latendresse.
12:47 of 1st period - Shot Misses the Net.
12:49 of 1st period - Slapshot by Boris Valabik.
12:49 of 1st period - Deflect By Eric Staal.
12:49 of 1st period - Stopped by Henrik Lundqvist without a rebound.
12:50 of 1st period - Antoine Vermette wins face-off versus Eric Staal in Flames zone.
13:03 of 1st period - Snap shot by Eric Staal.
13:03 of 1st period - Stopped by Cory Schneider without a rebound.
13:04 of 1st period - Eric Staal wins face-off versus John Tavares in Stars zone.
13:13 of 1st period - Wrist shot by David Backes.
13:13 of 1st period - Shot Misses the Net.
14:25 of 1st period - Minor Penalty to Erik Johnson for High sticking.
14:26 of 1st period - Antoine Vermette wins face-off versus Colin Wilson in Flames zone.
15:31 of 1st period - Brad Marchand is hit by B.J. Crombeen and loses puck.
16:25 of 1st period - Penalty to Erik Johnson is over, Erik Johnson is back on ice.
16:42 of 1st period - Snap shot by Kyle Palmieri.
16:42 of 1st period - Stopped by Cory Schneider without a rebound.
16:43 of 1st period - Evgeny Grachev wins face-off versus David Ullstrom in Stars zone.
17:03 of 1st period - Off-side.
17:04 of 1st period - Colin Wilson wins face-off versus Alexander Frolov in neutral zone.
18:02 of 1st period - Ian White is hit by David Backes and loses puck.
18:12 of 1st period - Off-side.
18:13 of 1st period - Evgeny Grachev wins face-off versus Anders Lee in neutral zone.
18:43 of 1st period - Wrist shot by Alex Chiasson.
18:43 of 1st period - Stopped by Henrik Lundqvist with a rebound.
18:49 of 1st period - Jussi Jokinen is hit by Alexander Semin and loses puck.
19:20 of 1st period - Guillaume Latendresse is hit by Colin Wilson.
Goals for this period are 0 for Flames vs 0 for Stars.
Shots for this period are 9 for Flames vs 10 for Stars.
2nd period
0:01 of 2nd period - Antoine Vermette wins face-off versus Patrik Berglund in neutral zone.
0:03 of 2nd period - Off-side.
0:04 of 2nd period - Antoine Vermette wins face-off versus Patrik Berglund in neutral zone.
0:06 of 2nd period - Brian Lee is hit by Colby Robak and loses puck.
0:19 of 2nd period - Snap shot by Alexander Radulov.
0:19 of 2nd period - Goal by Alexander Radulov - Flames : 1 - Stars : 0.
0:20 of 2nd period - John Tavares wins face-off versus Eric Staal in neutral zone.
0:27 of 2nd period - Wrist shot by John Tavares.
0:27 of 2nd period - Stopped by Henrik Lundqvist without a rebound.
0:28 of 2nd period - John Tavares wins face-off versus Eric Staal in Flames zone.
0:29 of 2nd period - Snap shot by Guillaume Latendresse.
0:29 of 2nd period - Stopped by Henrik Lundqvist with a rebound.
0:33 of 2nd period - Slapshot by John Tavares.
0:33 of 2nd period - Shot Misses the Net.
0:35 of 2nd period - Slapshot by Ian White.
0:35 of 2nd period - Shot Misses the Net.
0:37 of 2nd period - Snap shot by Michael Grabner.
0:37 of 2nd period - Shot Misses the Net.
0:39 of 2nd period - Slapshot by Michael Grabner.
0:39 of 2nd period - Shot Misses the Net.
0:46 of 2nd period - Off-side.
0:47 of 2nd period - Antoine Vermette wins face-off versus Patrik Berglund in neutral zone.
0:47 of 2nd period - Antoine Vermette is hit by Patrik Berglund.
0:55 of 2nd period - Snap shot by Alex Chiasson.
0:55 of 2nd period - Stopped by Henrik Lundqvist with a rebound.
0:57 of 2nd period - Slapshot by Boris Valabik.
0:57 of 2nd period - Shot Misses the Net.
0:59 of 2nd period - Snap shot by Shane O'Brien.
0:59 of 2nd period - Shot Misses the Net.
1:01 of 2nd period - Snap shot by Jussi Jokinen.
1:01 of 2nd period - Shot Blocked by Patrik Berglund.
1:39 of 2nd period - Wrist shot by Steve Regier.
1:39 of 2nd period - Stopped by Cory Schneider with a rebound.
1:41 of 2nd period - Slapshot by Derek Meech.
1:41 of 2nd period - Shot Misses the Net.
1:43 of 2nd period - Slapshot by Derek Meech.
1:43 of 2nd period - Stopped by Cory Schneider without a rebound.
1:44 of 2nd period - Patrik Berglund wins face-off versus Antoine Vermette in Stars zone.
2:13 of 2nd period - Michael Grabner is hit by Brad Marchand and loses puck.
2:14 of 2nd period - Michael Grabner from Stars is injured at 2:14 of 2nd period (Bruised Right Foot).
2:15 of 2nd period - John Tavares wins face-off versus Eric Staal in Stars zone.
2:47 of 2nd period - Slapshot by Shane O'Brien.
2:47 of 2nd period - Stopped by Henrik Lundqvist without a rebound.
2:48 of 2nd period - Patrik Berglund wins face-off versus Antoine Vermette in Flames zone.
3:03 of 2nd period - Slapshot by Alexander Semin.
3:03 of 2nd period - Shot Hit the Post.
3:05 of 2nd period - Wrist shot by Patrik Berglund.
3:05 of 2nd period - Stopped by Cory Schneider with a rebound.
3:07 of 2nd period - Snap shot by Alexander Semin.
3:07 of 2nd period - Shot Misses the Net.
3:28 of 2nd period - Slapshot by Patrik Berglund.
3:28 of 2nd period - Stopped by Cory Schneider with a rebound.
3:30 of 2nd period - Wrist shot by Alexander Semin.
3:30 of 2nd period - Stopped by Cory Schneider with a rebound.
3:32 of 2nd period - Wrist shot by Alexander Semin.
3:32 of 2nd period - Shot Misses the Net.
3:34 of 2nd period - Slapshot by Erik Johnson.
3:34 of 2nd period - Deflect By Patrik Berglund.
3:34 of 2nd period - Stopped by Cory Schneider with a rebound.
3:36 of 2nd period - Wrist shot by Alexander Radulov.
3:36 of 2nd period - Deflect By Patrik Berglund.
3:36 of 2nd period - Stopped by Cory Schneider without a rebound.
3:37 of 2nd period - John Tavares wins face-off versus Eric Staal in Stars zone.
3:39 of 2nd period - Minor Penalty to John Tavares for Checking from behind.
3:40 of 2nd period - Evgeny Grachev wins face-off versus Eric Staal in Stars zone.
4:47 of 2nd period - Evgeny Grachev is hit by Colby Robak and loses puck.
5:39 of 2nd period - Penalty to John Tavares is over, John Tavares is back on ice.
6:01 of 2nd period - Off-side.
6:02 of 2nd period - John Tavares wins face-off versus Steve Regier in neutral zone.
6:09 of 2nd period - Cory Emmerton is hit by Colin Wilson and loses puck.
6:16 of 2nd period - Wrist shot by John Tavares.
6:16 of 2nd period - Deflect By Cory Emmerton.
6:16 of 2nd period - Goal by Cory Emmerton - Flames : 1 - Stars : 1.
6:17 of 2nd period - John Tavares wins face-off versus Eric Staal in neutral zone.
7:10 of 2nd period - Boris Valabik is hit by Kyle Palmieri.
7:36 of 2nd period - Steve Regier is hit by John Tavares and loses puck.
7:56 of 2nd period - Slapshot by David Backes.
7:56 of 2nd period - Shot Blocked by Jussi Jokinen.
8:27 of 2nd period - Derek Meech is hit by Ian White and loses puck.
8:33 of 2nd period - Off-side.
8:34 of 2nd period - Cory Emmerton wins face-off versus Patrik Berglund in neutral zone.
8:39 of 2nd period - Alexander Radulov is hit by B.J. Crombeen and loses puck.
8:47 of 2nd period - Off-side.
8:48 of 2nd period - Patrik Berglund wins face-off versus John Tavares in neutral zone.
9:01 of 2nd period - Snap shot by Patrik Berglund.
9:01 of 2nd period - Stopped by Cory Schneider without a rebound.
9:02 of 2nd period - Eric Staal wins face-off versus John Tavares in Stars zone.
9:33 of 2nd period - Wrist shot by Antoine Vermette.
9:33 of 2nd period - Deflect By Jussi Jokinen.
9:33 of 2nd period - Stopped by Henrik Lundqvist with a rebound.
9:53 of 2nd period - Ian White is hit by Jimmy Hayes and loses puck.
10:13 of 2nd period - Minor Penalty to Shane O'Brien for Hooking.
10:14 of 2nd period - Eric Staal wins face-off versus John Tavares in Stars zone.
10:31 of 2nd period - Paul Ladue is hit by Alexander Radulov and loses puck.
10:50 of 2nd period - Snap shot by Brad Marchand.
10:50 of 2nd period - Stopped by Cory Schneider without a rebound.
10:51 of 2nd period - Eric Staal wins face-off versus John Tavares in Stars zone.
12:13 of 2nd period - Penalty to Shane O'Brien is over, Shane O'Brien is back on ice.
12:23 of 2nd period - Slapshot by Evgeny Grachev.
12:23 of 2nd period - Shot Misses the Net.
12:25 of 2nd period - Snap shot by Cam Atkinson.
12:25 of 2nd period - Stopped by Henrik Lundqvist without a rebound.
12:26 of 2nd period - Colin Wilson wins face-off versus Evgeny Grachev in Flames zone.
12:57 of 2nd period - Wrist shot by Kyle Palmieri.
12:57 of 2nd period - Shot Misses the Net.
13:13 of 2nd period - Guillaume Latendresse is hit by Eric Staal and loses puck.
13:14 of 2nd period - Guillaume Latendresse from Stars is injured at 13:14 of 2nd period (Left Leg).
13:15 of 2nd period - John Tavares wins face-off versus Eric Staal in Stars zone.
13:15 of 2nd period - John Tavares is hit by Erik Johnson.
13:28 of 2nd period - Minor Penalty to Brad Marchand for High sticking.
13:29 of 2nd period - Patrik Berglund wins face-off versus John Tavares in Flames zone.
13:55 of 2nd period - Ian White is hit by Alexander Semin and loses puck.
14:16 of 2nd period - Colby Robak is hit by Alexander Frolov and loses puck.
15:28 of 2nd period - Penalty to Brad Marchand is over, Brad Marchand is back on ice.
15:48 of 2nd period - Snap shot by Evgeny Grachev.
15:48 of 2nd period - Shot Blocked by Erik Johnson.
16:13 of 2nd period - Snap shot by David Ullstrom.
16:13 of 2nd period - Shot Misses the Net.
16:56 of 2nd period - Slapshot by Derek Meech.
16:56 of 2nd period - Stopped by Cory Schneider with a rebound.
17:00 of 2nd period - Snap shot by Colin Wilson.
17:00 of 2nd period - Stopped by Cory Schneider with a rebound.
17:02 of 2nd period - Snap shot by Jimmy Hayes.
17:02 of 2nd period - Stopped by Cory Schneider without a rebound.
17:03 of 2nd period - Patrik Berglund wins face-off versus Antoine Vermette in Stars zone.
17:08 of 2nd period - Snap shot by Alexander Radulov.
17:08 of 2nd period - Shot Blocked by Boris Valabik.
17:48 of 2nd period - Snap shot by Jimmy Hayes.
17:48 of 2nd period - Stopped by Cory Schneider with a rebound.
17:50 of 2nd period - Snap shot by Colin Wilson.
17:50 of 2nd period - Shot Misses the Net.
17:52 of 2nd period - Wrist shot by Jimmy Hayes.
17:52 of 2nd period - Goal by Jimmy Hayes - Flames : 2 - Stars : 1.
17:53 of 2nd period - Antoine Vermette wins face-off versus Eric Staal in neutral zone.
18:08 of 2nd period - Wrist shot by Eric Staal.
18:08 of 2nd period - Shot Misses the Net.
18:51 of 2nd period - Wrist shot by Jussi Jokinen.
18:51 of 2nd period - Stopped by Henrik Lundqvist without a rebound.
18:52 of 2nd period - David Backes wins face-off versus Antoine Vermette in Flames zone.
18:54 of 2nd period - Minor Penalty to Brad Marchand for Slashing.
18:55 of 2nd period - Patrik Berglund wins face-off versus John Tavares in Flames zone.
19:31 of 2nd period - Wrist shot by Jussi Jokinen.
19:31 of 2nd period - Shot Hit the Post.
Goals for this period are 2 for Flames vs 1 for Stars.
Shots for this period are 15 for Flames vs 8 for Stars.
3rd period
0:01 of 3rd period - Patrik Berglund wins face-off versus John Tavares in neutral zone.
0:54 of 3rd period - Penalty to Brad Marchand is over, Brad Marchand is back on ice.
1:11 of 3rd period - Snap shot by Colby Robak.
1:11 of 3rd period - Stopped by Cory Schneider without a rebound.
1:12 of 3rd period - John Tavares wins face-off versus Colin Wilson in Stars zone.
1:17 of 3rd period - Slapshot by John Tavares.
1:17 of 3rd period - Stopped by Henrik Lundqvist without a rebound.
1:18 of 3rd period - John Tavares wins face-off versus Colin Wilson in Flames zone.
1:22 of 3rd period - Minor Penalty to Christian Folin for Roughing.
1:23 of 3rd period - Patrik Berglund wins face-off versus John Tavares in Flames zone.
1:23 of 3rd period - Patrik Berglund is hit by Cory Emmerton.
3:22 of 3rd period - Penalty to Christian Folin is over, Christian Folin is back on ice.
3:36 of 3rd period - Wrist shot by David Ullstrom.
3:36 of 3rd period - Shot Misses the Net.
3:38 of 3rd period - Slapshot by Colby Robak.
3:38 of 3rd period - Shot Misses the Net.
4:13 of 3rd period - Icing by Alexander Semin.
4:14 of 3rd period - Antoine Vermette wins face-off versus Patrik Berglund in Flames zone.
4:15 of 3rd period - Wrist shot by Alexander Frolov.
4:15 of 3rd period - Shot Misses the Net.
4:30 of 3rd period - Icing by Brendan Mikkelson.
4:31 of 3rd period - Evgeny Grachev wins face-off versus Anders Lee in Flames zone.
4:42 of 3rd period - Wrist shot by Cam Atkinson.
4:42 of 3rd period - Shot Misses the Net.
4:44 of 3rd period - Slapshot by Evgeny Grachev.
4:44 of 3rd period - Stopped by Henrik Lundqvist without a rebound.
4:45 of 3rd period - Antoine Vermette wins face-off versus Eric Staal in Flames zone.
4:58 of 3rd period - Wrist shot by David Backes.
4:58 of 3rd period - Shot Misses the Net.
5:05 of 3rd period - Minor Penalty to Brian Lee for Roughing.
5:06 of 3rd period - Eric Staal wins face-off versus John Tavares in Stars zone.
5:16 of 3rd period - Snap shot by Eric Staal.
5:16 of 3rd period - Deflect By Alexander Semin.
5:16 of 3rd period - Stopped by Cory Schneider with a rebound.
5:32 of 3rd period - Jimmy Hayes is hit by Alexander Frolov and loses puck.
5:41 of 3rd period - Snap shot by Sami Vatanen.
5:41 of 3rd period - Shot Misses the Net.
7:05 of 3rd period - Penalty to Brian Lee is over, Brian Lee is back on ice.
7:19 of 3rd period - Off-side.
7:20 of 3rd period - John Tavares wins face-off versus Anders Lee in neutral zone.
7:35 of 3rd period - Derek Meech is hit by Ian White.
7:47 of 3rd period - Christian Folin is hit by Cory Emmerton and loses puck.
9:04 of 3rd period - Colby Robak is hit by Boris Valabik and loses puck.
9:27 of 3rd period - Wrist shot by Patrik Berglund.
9:27 of 3rd period - Stopped by Cory Schneider without a rebound.
9:28 of 3rd period - Cory Emmerton wins face-off versus Colin Wilson in Stars zone.
9:41 of 3rd period - Wrist shot by Colin Wilson.
9:41 of 3rd period - Stopped by Cory Schneider without a rebound.
9:42 of 3rd period - Antoine Vermette wins face-off versus Eric Staal in Stars zone.
9:42 of 3rd period - Antoine Vermette is hit by Erik Johnson.
9:58 of 3rd period - Snap shot by Eric Staal.
9:58 of 3rd period - Stopped by Cory Schneider with a rebound.
10:12 of 3rd period - Snap shot by John Tavares.
10:12 of 3rd period - Shot Misses the Net.
10:14 of 3rd period - Slapshot by John Tavares.
10:14 of 3rd period - Stopped by Henrik Lundqvist with a rebound.
10:16 of 3rd period - Slapshot by Boris Valabik.
10:16 of 3rd period - Shot Blocked by Colby Robak.
10:18 of 3rd period - Slapshot by Shane O'Brien.
10:18 of 3rd period - Deflect By Derek Meech.
10:18 of 3rd period - Stopped by Henrik Lundqvist without a rebound.
10:19 of 3rd period - Patrik Berglund wins face-off versus John Tavares in Flames zone.
11:14 of 3rd period - Slapshot by Evgeny Grachev.
11:14 of 3rd period - Deflect By Ted Purcell.
11:14 of 3rd period - Shot Blocked by Derek Meech.
11:14 of 3rd period - Puck is out of play.
11:15 of 3rd period - John Tavares wins face-off versus Patrik Berglund in Flames zone.
11:38 of 3rd period - Minor Penalty to Alexander Semin for Holding.
11:39 of 3rd period - John Tavares wins face-off versus Patrik Berglund in Flames zone.
11:44 of 3rd period - Snap shot by Alexander Frolov.
11:44 of 3rd period - Stopped by Henrik Lundqvist with a rebound.
12:12 of 3rd period - Slapshot by Cory Emmerton.
12:12 of 3rd period - Stopped by Henrik Lundqvist with a rebound.
12:14 of 3rd period - Wrist shot by Alexander Frolov.
12:14 of 3rd period - Stopped by Henrik Lundqvist with a rebound.
12:24 of 3rd period - Slapshot by Cory Emmerton.
12:24 of 3rd period - Shot Misses the Net.
12:26 of 3rd period - Snap shot by John Tavares.
12:26 of 3rd period - Shot Misses the Net.
12:28 of 3rd period - Slapshot by Brian Lee.
12:28 of 3rd period - Shot Blocked by Colin Wilson.
12:30 of 3rd period - Snap shot by Alexander Frolov.
12:30 of 3rd period - Shot Misses the Net.
12:32 of 3rd period - Snap shot by Alexander Frolov.
12:32 of 3rd period - Shot Misses the Net.
12:34 of 3rd period - Slapshot by John Tavares.
12:34 of 3rd period - Stopped by Henrik Lundqvist with a rebound.
12:36 of 3rd period - Slapshot by Brian Lee.
12:36 of 3rd period - Shot Misses the Net.
12:38 of 3rd period - Wrist shot by Cory Emmerton.
12:38 of 3rd period - Shot Blocked by Erik Johnson.
12:40 of 3rd period - Snap shot by Cory Emmerton.
12:40 of 3rd period - Deflect By John Tavares.
12:40 of 3rd period - Stopped by Henrik Lundqvist without a rebound.
12:41 of 3rd period - Antoine Vermette wins face-off versus Patrik Berglund in Flames zone.
12:48 of 3rd period - Snap shot by Alex Chiasson.
12:48 of 3rd period - Deflect By Antoine Vermette.
12:48 of 3rd period - Shot Misses the Net.
12:48 of 3rd period - Puck is out of play.
12:49 of 3rd period - Patrik Berglund wins face-off versus Jussi Jokinen in Flames zone.
13:00 of 3rd period - Colby Robak is hit by Antoine Vermette and loses puck.
13:21 of 3rd period - Wrist shot by Jussi Jokinen.
13:21 of 3rd period - Shot Misses the Net.
13:27 of 3rd period - Snap shot by Jussi Jokinen.
13:27 of 3rd period - Stopped by Henrik Lundqvist with a rebound.
13:33 of 3rd period - Snap shot by Alex Chiasson.
13:33 of 3rd period - Stopped by Henrik Lundqvist without a rebound.
13:34 of 3rd period - Colin Wilson wins face-off versus John Tavares in Flames zone.
13:38 of 3rd period - Penalty to Alexander Semin is over, Alexander Semin is back on ice.
13:45 of 3rd period - Backhand shot by John Tavares.
13:45 of 3rd period - Stopped by Henrik Lundqvist with a rebound.
13:47 of 3rd period - Slapshot by Brian Lee.
13:47 of 3rd period - Shot Misses the Net.
13:49 of 3rd period - Snap shot by Brian Lee.
13:49 of 3rd period - Shot Blocked by Brad Marchand.
13:51 of 3rd period - Slapshot by Ian White.
13:51 of 3rd period - Deflect By Cory Emmerton.
13:51 of 3rd period - Goal by Cory Emmerton - Flames : 2 - Stars : 2.
13:52 of 3rd period - Eric Staal wins face-off versus Antoine Vermette in neutral zone.
14:19 of 3rd period - Sami Vatanen is hit by John Tavares.
15:31 of 3rd period - Wrist shot by Alex Chiasson.
15:31 of 3rd period - Shot Misses the Net.
15:33 of 3rd period - Slapshot by Ian White.
15:33 of 3rd period - Shot Blocked by Alexander Semin.
15:45 of 3rd period - Cory Emmerton is hit by Eric Staal and loses puck.
15:50 of 3rd period - Snap shot by David Backes.
15:50 of 3rd period - Deflect By Brad Marchand.
15:50 of 3rd period - Stopped by Cory Schneider with a rebound.
15:52 of 3rd period - Wrist shot by Eric Staal.
15:52 of 3rd period - Shot Blocked by John Tavares.
16:43 of 3rd period - Slapshot by Eric Staal.
16:43 of 3rd period - Shot Misses the Net.
18:19 of 3rd period - Alexander Frolov is hit by Sami Vatanen and loses puck.
18:26 of 3rd period - Snap shot by Jimmy Hayes.
18:26 of 3rd period - Shot Misses the Net.
18:50 of 3rd period - Snap shot by Eric Staal.
18:50 of 3rd period - Stopped by Cory Schneider without a rebound.
18:51 of 3rd period - Evgeny Grachev wins face-off versus Patrik Berglund in Stars zone.
18:51 of 3rd period - Evgeny Grachev is hit by Patrik Berglund.
19:14 of 3rd period - Minor Penalty to Ted Purcell for Holding.
19:15 of 3rd period - John Tavares wins face-off versus Eric Staal in Stars zone.
19:15 of 3rd period - John Tavares is hit by Erik Johnson.
19:29 of 3rd period - Slapshot by Eric Staal.
19:29 of 3rd period - Shot Misses the Net.
Goals for this period are 0 for Flames vs 1 for Stars.
Shots for this period are 7 for Flames vs 13 for Stars.
Overtime #1
0:01 of 1st overtime period - Eric Staal wins face-off versus John Tavares in neutral zone.
1:14 of 1st overtime period - Penalty to Ted Purcell is over, Ted Purcell is back on ice.
1:31 of 1st overtime period - Slapshot by Cory Emmerton.
1:31 of 1st overtime period - Stopped by Henrik Lundqvist with a rebound.
1:44 of 1st overtime period - Icing by Evgeny Grachev.
1:45 of 1st overtime period - Eric Staal wins face-off versus Evgeny Grachev in Stars zone.
2:13 of 1st overtime period - Brian Lee is hit by Colin Wilson and loses puck.
2:52 of 1st overtime period - Jussi Jokinen is hit by Colby Robak and loses puck.
3:17 of 1st overtime period - Slapshot by Jussi Jokinen.
3:17 of 1st overtime period - Shot Misses the Net.
3:38 of 1st overtime period - Alexander Semin is hit by Cory Emmerton and loses puck.
3:59 of 1st overtime period - Derek Meech is hit by Jussi Jokinen and loses puck.
4:16 of 1st overtime period - Shane O'Brien is hit by Derek Meech.
Goals for this period are 0 for Flames vs 0 for Stars.
Shots for this period are 0 for Flames vs 1 for Stars.
ShootOut
5:00 of 1st overtime period - Round #1.
5:00 of 1st overtime period - Flames, Eric Staal.
5:00 of 1st overtime period - Backhand shot by Eric Staal.
5:00 of 1st overtime period - Shot Misses the Net.
5:00 of 1st overtime period - Stars, John Tavares.
5:00 of 1st overtime period - Deke by John Tavares.
5:00 of 1st overtime period - Stopped by Henrik Lundqvist.
5:00 of 1st overtime period - Round #2.
5:00 of 1st overtime period - Flames, Alexander Semin.
5:00 of 1st overtime period - Deke by Alexander Semin.
5:00 of 1st overtime period - Goal by Alexander Semin.
5:00 of 1st overtime period - Stars, Ted Purcell.
5:00 of 1st overtime period - Deke by Ted Purcell.
5:00 of 1st overtime period - Goal by Ted Purcell.
5:00 of 1st overtime period - Round #3.
5:00 of 1st overtime period - Flames, David Backes.
5:00 of 1st overtime period - Snap shot by David Backes.
5:00 of 1st overtime period - Shot Hit the Post.
5:00 of 1st overtime period - Stars, Jussi Jokinen.
5:00 of 1st overtime period - Wrist shot by Jussi Jokinen.
5:00 of 1st overtime period - Stopped by Henrik Lundqvist.
5:00 of 1st overtime period - Round #4.
5:00 of 1st overtime period - Flames, Brad Marchand.
5:00 of 1st overtime period - Snap shot by Brad Marchand.
5:00 of 1st overtime period - Shot Misses the Net.
5:00 of 1st overtime period - Stars, Cam Atkinson.
5:00 of 1st overtime period - Snap shot by Cam Atkinson.
5:00 of 1st overtime period - Goal by Cam Atkinson.
Output by the SimonT Hockey Simulator (STHS) for Francois Prevost